 Dungeon Crawl Stone Soup version 0.28.0-45-g0d030f2227 (webtiles) character file.

Game seed: 8964392828867478859

4037 jimbutter the Cleaver (level 10, -3/91 HPs)
             Began as a Minotaur Berserker on Apr 18, 2022.
             Was a Believer of Trog.
             Slain by Maurice
             ... wielding a +1 vampiric dagger
              (9 damage)
             ... on level 9 of the Dungeon on Apr 19, 2022.
             The game lasted 00:23:36 (10922 turns).

jimbutter the Cleaver (Minotaur Berserker)         Turns: 10922, Time: 00:23:36

Health: -3/91      AC: 10    Str: 26    XL:     10   Next: 4%
Magic:  9/9        EV: 10    Int:  4    God:    Trog [**....]
Gold:   0          SH:  0    Dex: 10    Spells: 9/9 levels left

rFire   . . .      SeeInvis .   a - +0 war axe
rCold   . . .      Faith    .   (no shield)
rNeg    . . .      Spirit   .   h - +0 chain mail
rPois   .          Reflect  .   (helmet restricted)
rElec   .          Harm     .   (no cloak)
rCorr   .          Rampage  .   (no gloves)
Will    .....                   f - +1 pair of boots
Stlth   ..........              (no amulet)
HPRegen 0.25/turn               t - ring of flight
MPRegen 0.11/turn               (no ring)

@: flying
A: horns 2, retaliatory headbutt
a: Renounce Religion, Berserk, Trog's Hand


You were on level 9 of the Dungeon.
You worshipped Trog.
Trog was pleased with you.
You visited 1 branch of the dungeon, and saw 9 of its levels.

Inventory:

Hand Weapons
 a - a +0 war axe (weapon)
 b - a +1 hunting sling of freezing
Missiles
 e - 296 stones (quivered)
 n - 11 poisoned darts
 x - 60 sling bullets
Armour
 f - a +1 pair of boots (worn)
 h - a +0 chain mail (worn)
Jewellery
 t - a ring of flight (left hand)
Wands
 o - a wand of flame (11)
 u - a wand of charming (7)
Scrolls
 d - 6 scrolls of teleportation
 j - a scroll of immolation {unknown}
 k - a scroll of enchant weapon
 l - a scroll of brand weapon
 q - a scroll of fog
 r - a scroll of vulnerability {unknown}
Potions
 c - 3 potions of might
 i - 2 potions of mutation {unknown}
 m - 2 potions of degeneration {unknown}
 w - 2 potions of heal wounds
 z - a potion of flight
 A - a potion of magic
 B - a potion of berserk rage


   Skills:
 + Level 9.4 Fighting
 * Level 12.7 Axes
 - Level 2.4 Armour
 + Level 8.3 Dodging


You had 9 spell levels left.
You didn't know any spells.
Your spell library was empty.

Dungeon Overview and Level Annotations

Branches:
Dungeon (9/15)             Temple (0/1) D:5            Lair (0/6) D:8
    Orc (0/2) D:9

Altars:
Ashenzari
Cheibriados
Fedhas
Gozag
Hepliaklqana
Kikubaaqudgha
Makhleb
Nemelex Xobeh
Okawaru
Qazlal
Ru
Sif Muna
Trog

Annotations:
D:9 3 runed translucent doors, Maurice


Innate Abilities, Weirdness & Mutations

You have a pair of horns on your head.
You reflexively headbutt those who attack you in melee.


Message History

You're still recovering from your berserk rage.
You slash Maurice!
Maurice is severely wounded.
Maurice hits you with a +1 vampiric dagger.
Maurice groans, "What are you, a monk?"
Maurice draws strength from your wounds!
You hit Maurice.
Maurice is severely wounded.
You recover from your berserk rage.
Your skin stops crawling.
You feel less strong-willed.
Maurice hits you with a +1 vampiric dagger!
* * * LOW HITPOINT WARNING * * *
Maurice groans, "What are you, a monk?"
Maurice draws strength from your wounds!
You barely miss Maurice.
Maurice is severely wounded.
Maurice says, "Nice gear.
Can I borrow some?"
Maurice gestures wildly while chanting.
Maurice flickers and vanishes!
Deactivating autopickup; reactivate with Ctrl-A.
You miss something. Your headbutt misses something.
Your punch misses something. Something hits you but does no damage.
Something completely misses you.
You barely miss something. Something hits you.
* * * LOW HITPOINT WARNING * * *
Something mutters, "Now where did you hide it?"
You closely miss something. Something hits you.
* * * LOW HITPOINT WARNING * * *
Something grunts, "Curses!"
You hit something. Your headbutt misses something. Something hits you.
* * * LOW HITPOINT WARNING * * *
Something mutters, "Now where did you hide it?"
You slice something!! Something hits you.
* * * LOW HITPOINT WARNING * * *
Something grunts, "Curses!"
You barely miss something. Your punch misses something.
Something hits you but does no damage.
You hit something. You hit something. Something hits you!
You die...

#....................
#.......#####........
#.......# #........
#..<....# #).......
##......# #.....###
#....### #.....# #....#
#.....# ##....# #.....#
#...{@# +.....# ###.).#
#.....# #)).# +<....#
#...# #.....# #####...#
#.....# #.......#
#.....##+#
#.......#######.........
#.......................
#................###....


There were no monsters in sight!

Vanquished Creatures
  An ugly thing (D:7)
  2 hornets
  Sigmund (D:4)
  Menkaure (D:4)
  A water moccasin (D:6)
  A sky beast (D:6)
  2 orc warriors
  A black bear (D:5)
  4 ogres (D:5)
  A necrophage (D:7)
  2 phantoms (D:6)
  Blork the orc (D:6)
  2 kobold brigands
  A bullfrog (D:8)
  2 scorpions (D:5)
  A water moccasin skeleton (D:4)
  3 killer bees (D:9)
  3 wights (D:8)
  A howler monkey (D:5)
  4 centaur zombies
  A bullfrog zombie (D:6)
  A jelly (D:5)
  A bullfrog skeleton (D:6)
  A hound (D:5)
  2 orc priests
  Crazy Yiuf (D:6)
  Jessica (D:2)
  6 iguanas
  Ijyb (D:4)
  14 orc wizards
  2 howler monkey zombies (D:9)
  11 gnolls
  7 adders
  A howler monkey skeleton (D:4)
  A white imp (D:5)
  An adder skeleton (D:4)
  3 dart slugs
  19 orcs
  3 ball pythons
  8 endoplasms
  7 giant cockroaches
  9 goblins
  7 hobgoblins
  A quokka (D:1)
  A bat (D:3)
  2 frilled lizards
  12 kobolds
  2 rats
161 creatures vanquished.

Notes
Turn   | Place    | Note
-------+----------+-------------------------------------------
     0 | D:1      | jimbutter the Minotaur Berserker began the quest for the
                  | Orb.
     0 | D:1      | Reached XP level 1. HP: 19/19 MP: 0/0
    93 | D:1      | Reached skill level 4 in Axes
    96 | D:1      | Reached XP level 2. HP: 27/27 MP: 1/1
   741 | D:2      | Noticed Jessica
   758 | D:2      | Reached XP level 3. HP: 33/33 MP: 2/2
   759 | D:2      | Killed Jessica
  1282 | D:2      | Reached XP level 4. HP: 36/40 MP: 3/3
  1321 | D:2      | Reached skill level 5 in Axes
  2230 | D:3      | Reached XP level 5. HP: 45/47 MP: 4/4
  2380 | D:3      | Reached ** piety under Trog
  2895 | D:4      | Reached skill level 5 in Fighting
  2895 | D:4      | Reached skill level 6 in Axes
  2901 | D:4      | Noticed Ijyb
  2918 | D:4      | Killed Ijyb
  2934 | D:4      | Reached XP level 6. HP: 40/56 MP: 5/5
  3211 | D:4      | Noticed Menkaure
  3341 | D:4      | Killed Menkaure
  3673 | D:4      | Noticed Sigmund
  3684 | D:4      | Reached skill level 7 in Axes
  3701 | D:4      | Killed Sigmund
  3702 | D:4      | Reached XP level 7. HP: 62/62 MP: 6/6
  4166 | D:5      | Entered Level 5 of the Dungeon
  4172 | D:5      | Reached skill level 5 in Dodging
  4388 | D:5      | Found a staircase to the Ecumenical Temple.
  4407 | D:5      | Noticed a hornet
  4423 | D:5      | Reached skill level 8 in Axes
  5051 | D:5      | Killed a hornet
  5052 | D:5      | Reached skill level 9 in Axes
  5052 | D:5      | Reached XP level 8. HP: 59/71 MP: 7/7
  5893 | D:5      | Reached skill level 10 in Axes
  6976 | D:6      | Reached XP level 9. HP: 73/81 MP: 8/8
  7242 | D:6      | Noticed Blork the orc
  7251 | D:6      | Killed Blork the orc
  7349 | D:6      | Found an ancient bone altar of Kikubaaqudgha.
  7389 | D:6      | Found a runed translucent door.
  7390 | D:6      | Noticed Crazy Yiuf
  7455 | D:6      | Reached skill level 11 in Axes
  7498 | D:6      | Found a hazy altar of Hepliaklqana.
  7500 | D:6      | Found a faded altar of an unknown god.
  8247 | D:6      | Found a burning altar of Makhleb.
  8254 | D:6      | Found a shimmering blue altar of Sif Muna.
  8254 | D:6      | Found a snail-covered altar of Cheibriados.
  8254 | D:6      | Found a sacrificial altar of Ru.
  8255 | D:6      | Found a sparkling altar of Nemelex Xobeh.
  8256 | D:6      | Found a stormy altar of Qazlal.
  8257 | D:6      | Found a broken altar of Ashenzari.
  8258 | D:6      | Found a blossoming altar of Fedhas.
  8259 | D:6      | Found an opulent altar of Gozag.
  8353 | D:6      | Killed Crazy Yiuf
  8470 | D:7      | Noticed a purple ugly thing
  8480 | D:7      | Killed a purple ugly thing
  8948 | D:7      | Reached skill level 12 in Axes
  9120 | D:7      | Found a flagged portal.
 10259 | D:8      | Found a staircase to the Lair.
 10511 | D:8      | Found an iron altar of Okawaru.
 10511 | D:8      | Found a bloodstained altar of Trog.
 10757 | D:9      | Reached XP level 10. HP: 84/91 MP: 9/9
 10839 | D:9      | Found a runed translucent gate.
 10839 | D:9      | Found a runed translucent gate.
 10839 | D:9      | Found a runed translucent gate.
 10848 | D:9      | Noticed Maurice
 10850 | D:9      | Found a staircase to the Orcish Mines.
 10922 | D:9      | Slain by Maurice

Illustrated notes

Levels and vault maps discovered:
D:1:      dpeg_arrival_stone_temple_mockup, layout_basic,
          minmay_worlds_worst_comb
D:2:      layout_basic, serial_forest, infiniplex_forest_join,
          infiniplex_forest_lined_ring, infiniplex_forest_lined_2,
          infiniplex_forest_straight_3, infiniplex_forest_clump_curved,
          infiniplex_forest_corner_1, grunt_decor_fettered, uniq_jessica
D:3:      layout_loops_corners
D:4:      layout_layer_cave, uniq_sigmund, uniq_ijyb, uniq_menkaure
D:5:      layout_cave_pods, minmay_temple_entry_mist, nrook_mini_backslash,
          kennysheep_potato
D:6:      minmay_flawed_box, layout_loops_ring, minitemple,
          mainiacjoe_overflow_surrounded_room,
          beargit_hepliaklqana_dungeon_heroes, nrook_loot_triangle,
          nicolae_sextant, minmay_splitting_lines, skrybe_limestone_x,
          uniq_blork_the_orc, uniq_crazy_yiuf_cottage
D:7:      layout_loops_cross, enter_bailey_3
D:8:      layout_basic, grunt_temple_overflow_bloody_war, lair_entry_dummy
D:9:      layout_irregular_city, orc_0_dummy, gammafunk_ghost_ooze,
          minmay_diamond_spiral, uniq_maurice

Skill      XL: |  1  2  3  4  5  6  7  8  9 |
---------------+----------------------------+-----
Axes           | 4 5 6 7 9 10 12 | 12.7
Fighting       | 4 5 6 7 9 |  9.4
Dodging        | 3 4 5 6 8 |  8.3
Armour         | |  2.4

Action                   |  1- 3 |  4- 6 |  7- 9 | 10-12 || total
-------------------------+-------+-------+-------+-------++-------
Melee: Hand axe          |    56 |    92 |   248 |       ||   396
       Headbutt          |     8 |    17 |    61 |     3 ||    89
       Punch             |       |     1 |     3 |       ||     4
       War axe           |       |       |    59 |    36 ||    95
 Fire: Hunting sling     |     3 |     6 |     4 |       ||    13
Invok: Berserk           |     1 |     5 |    12 |     1 ||    19
       Trog's Hand       |       |     2 |     2 |     1 ||     5
  Use: Scroll            |       |       |    16 |       ||    16
 Stab: Sleeping          |     1 |       |       |       ||     1
Armor: Animal skin       |     4 |       |       |       ||     4
       Chain mail        |    12 |    35 |   107 |    24 ||   178
Dodge: Dodged            |    23 |    37 |   108 |    15 ||   183
